 Dungeon Crawl Stone Soup version 0.23.2-1-ga50397a (webtiles) character file.

Game seed: 6200810709770945455

43 whitewolfNL the Skirmisher (level 3, -1/33 HPs)
             Began as a Minotaur Berserker on May 15, 2019.
             Was a Follower of Trog.
             Slain by a worker ant (6 damage)
             ... on level 2 of the Dungeon.
             The game lasted 00:02:40 (803 turns).

whitewolfNL the Skirmisher (Minotaur Berserker)      Turns: 803, Time: 00:02:43

Health: -1/33      AC:  2    Str: 21    XL:     3   Next: 37%
Magic:  2/2        EV: 12    Int:  4    God:    Trog [*.....]
Gold:   33         SH:  0    Dex: 10    Spells: 2/2 levels left

rFire    . . .     SeeInvis .   a - +0 mace
rCold    . . .     Gourm    .   (no shield)
rNeg     . . .     Faith    .   b - +0 animal skin
rPois    .         Spirit   .   (helmet restricted)
rElec    .         Reflect  .   (no cloak)
rCorr    .         Harm     .   (no gloves)
MR       .....                  (no boots)
Stlth    +.........             (no amulet)
HPRegen  0.11/turn              (no ring)
MPRegen  0.08/turn              (no ring)

@: lethally poisoned (-1 -> -10)
A: retaliatory headbutt, horns 2
a: Berserk, Renounce Religion


You were on level 2 of the Dungeon.
You worshipped Trog.
Trog was aware of your devotion.
You were not hungry.

You visited 1 branch of the dungeon, and saw 2 of its levels.

You collected 33 gold pieces.

Inventory:

Hand Weapons
 a - a +0 mace (weapon)
Missiles
 l - 26 stones (quivered)
 m - 14 arrows
Armour
 b - a +0 animal skin (worn)
 n - a +2 cloak
Jewellery
 j - an uncursed ring of wizardry {unknown}
Scrolls
 d - 3 scrolls of amnesia {unknown}
 f - a scroll of enchant weapon {unknown}
 h - a scroll of blinking {unknown}
 i - 4 scrolls of remove curse {unknown}
Potions
 e - a potion of invisibility {unknown}
 k - a potion of haste {unknown}
Comestibles
 c - 2 rations
 g - 7 chunks of flesh


   Skills:
 + Level 4.0 Fighting
 + Level 3.9 Maces & Flails
 - Level 1.0 Throwing
 + Level 3.0 Armour
 + Level 2.6 Dodging
 - Level 1.0 Stealth


You had 2 spell levels left.
You didn't know any spells.
Your spell library was empty.

Dungeon Overview and Level Annotations

Branches:
Dungeon (2/15)

Altars:


Innate Abilities, Weirdness & Mutations

You reflexively headbutt those who attack you in melee.
You have a pair of horns on your head.


Message History

n - an embroidered cloak A worker ant comes into view.
The worker ant twitches its antennae in your direction.
The worker ant bites you.
You are poisoned.
The worker ant poisons you!
You barely miss the worker ant. Your headbutt misses the worker ant.
You feel sick. The worker ant barely misses you. You furiously retaliate!
You headbutt the worker ant! The worker ant bites you.
You hit the worker ant but do no damage.
The worker ant is heavily wounded.
You feel sick. The worker ant bites you.
* * * LOW HITPOINT WARNING * * *
You closely miss the worker ant.
The worker ant is heavily wounded.
The worker ant bites you.
* * * LOW HITPOINT WARNING * * *
You are lethally poisoned!
The worker ant poisons you! The worker ant bites you.
You die...

#######.# .........
#.##.#### #.##.# #
#.##.# .#
#.##.##############.#
....................####
...)......######.......#
###.......# #@##.##.# #
#..###..# #a# # # #..#
#..# #.# # #..# #..# #.#
. ...# #..# #.# ###.##
#..# #.. # .#. #... ###
# #.## .


You could see a worker ant.

Vanquished Creatures
  An adder (D:2)
  A dart slug (D:2)
  2 leopard geckos
  A ball python (D:2)
  6 goblins
  3 hobgoblins
  3 kobolds
  4 bats
  4 frilled lizards
  3 rats
28 creatures vanquished.

Notes
Turn   | Place    | Note
-------+----------+-------------------------------------------
     0 | D:1      | whitewolfNL the Minotaur Berserker began the quest for the
                  | Orb.
     0 | D:1      | Reached XP level 1. HP: 19/19 MP: 0/0
   297 | D:1      | Reached XP level 2. HP: 27/27 MP: 1/1
   601 | D:2      | Reached skill level 1 in Throwing
   654 | D:2      | Reached skill level 1 in Stealth
   705 | D:2      | Reached XP level 3. HP: 33/33 MP: 2/2
   756 | D:2      | Reached skill level 4 in Fighting
   803 | D:2      | Slain by a worker ant

Skill      XL: |  1  2  3 |
---------------+----------+-----
Throwing       | 1 |  1.0
Stealth        | 1 |  1.0
Armour         | 3 |  3.0
Fighting       | 4 |  4.0
Maces & Flails | |  3.9
Dodging        | |  2.6

Action                   || total
-------------------------++-------
Melee: Mace              ||    50
       Headbutt          ||     6
 Stab: Sleeping          ||     2
Armor: Animal skin       ||    14
Dodge: Dodged            ||    40
